 Dungeon Crawl Stone Soup version 0.28-a0-8-g6e044cfa68 (webtiles) character file.

Game seed: 41812523244578059

256 ezpacito the Skirmisher (level 5, 27/41 HPs)
             Began as a Demonspawn Abyssal Knight on July 24, 2021.
             Was a Believer of Lugonu.
             Quit the game on level 4 of the Dungeon.
             The game lasted 00:05:02 (4026 turns).

ezpacito the Skirmisher (Demonspawn Abyssal Knight) Turns: 4026, Time: 00:05:03

Health: 27/41      AC:  8    Str: 12    XL:     5   Next: 92%
Magic:  6/6        EV: 12    Int: 13    God:    Lugonu [**....]
Gold:   210        SH:  0    Dex: 20    Spells: 1/6 levels left

rFire   . . .      SeeInvis .   a - +3 hand axe (vorpal)
rCold   . . .      Faith    .   (no shield)
rNeg    . . .      Spirit   .   b - +1 leather armour
rPois   .          Reflect  .   (no helmet)
rElec   .          Harm     .   (no cloak)
rCorr   .          Rampage  .   (no gloves)
Will    .....                   (no boots)
Stlth   ++........              (no amulet)
HPRegen 0.13/turn               c - +6 ring of dexterity
MPRegen 0.10/turn               j - +4 ring of protection

@: no status effects
A: hooves 2, demonic guardian 1, low mp 1
a: Renounce Religion, Depart the Abyss, Bend Space


You were on level 4 of the Dungeon.
You worshipped Lugonu.
Lugonu was pleased with you.
You visited 1 branch of the dungeon, and saw 4 of its levels.
You visited the Abyss 1 time.

You collected 210 gold pieces.

Inventory:

Hand Weapons
 a - a +3 vorpal hand axe (weapon)
Missiles
 f - 50 stones
Armour
 b - a +1 leather armour (worn)
Jewellery
 c - a +6 ring of dexterity (left hand)
 j - a +4 ring of protection (right hand)
 o - a ring of wizardry
Potions
 e - a potion of flight
 h - a potion of magic


   Skills:
 + Level 3.5 Fighting
 * Level 3.1 Axes
 + Level 2.4 Armour
 + Level 2.0 Dodging
 + Level 1.1 Stealth
 + Level 1.2 Unarmed Combat
 + Level 1.4 Spellcasting
 + Level 0.5 Hexes
 + Level 3.5 Invocations


You had one spell level left.
You knew the following spells:

 Your Spells              Type           Power      Damage    Failure   Level
a - Metabolic Englaciati  Hex/Ice        0%         N/A       100%        5

Your spell library contained the following spells:

 Spells                   Type           Power      Damage    Failure   Level
 Gell's Gravitas          Tloc           0%         N/A       71%         3
 Lesser Beckoning         Tloc           0%         N/A       71%         3
 Ozocubu's Armour         Ice            0%         N/A       71%         3
 Teleport Other           Tloc           0%         N/A       71%         3
 Cause Fear               Hex            1%         N/A       95%         4
 Simulacrum               Ice/Necr       0%         N/A       100%        6
 Dragon Form              Tmut           0%         N/A       100%        7
 Dragon's Call            Summ           0%         N/A       100%        9


Dungeon Overview and Level Annotations

Branches:
Dungeon (4/15)
 Temple: D:4-7

Altars:


Innate Abilities, Weirdness & Mutations

You have hoof-like feet.
A weak demonic guardian rushes to your aid.
Your magical capacity is low. (-10% MP)


Message History

No target in view!
No target in view!
No target in view!
No target in view!
You feel yourself slow down.
You hear the slow hiss of a very distant avalanche of sand.
HP restored.
You now have 210 gold pieces (gained 14).
Found 14 stones.
Things that are here:
a +1 dagger of pain; a kobold corpse
Found a stone staircase leading down.
f - 50 stones (gained 14)
A phantom comes into view.
A phantom is nearby!
An ogre comes into view. It is wielding a +0 giant spiked club.
The ogre shouts!
An orc comes into view. It is wielding a +0 club.
Found 2 boomerangs. 2 orcs come into view.
An orc comes into view. It is wielding a +0 dagger.
The orc shouts! x3
You hit the phantom. You kick the phantom.
The phantom is moderately damaged.
The phantom barely misses you.
An orc comes into view. It is wielding a +0 hand axe.
The phantom barely misses you.
You completely miss the phantom. Your kick misses the phantom.
The phantom is moderately damaged.
The phantom closely misses you.
You slash the phantom!
The phantom is severely damaged.
You barely miss the ogre.
The ogre hits you with a +0 giant spiked club!
The phantom closely misses you.
Really quaff the potion of mutation?
You feel extremely strange.
Your vision seems duller.
You feel less energetic. The phantom hits you.
The phantom blinks!
You blink.
Are you sure you want to abandon this character and quit the game? (Confirm with "yes".)

##.......##....##
#..............#
#........#.....#
###..............#
###.#..#.#†........#
......#.#.........#
. #.........).##...#
..#.....##.........#
.......##..@.......#
..........W.###..#..
.$..............## .
............(>..#
............##....
##........(.##.###
..........O....#
.........oo.....#
...........(#....


You could see a phantom, an ogre and 2 orcs.

Vanquished Creatures
  A water moccasin skeleton (D:3)
  The ghost of Sin92 the Covered, a weakling MiFi (D:3)
  A hound (D:4)
  An orc wizard (D:3)
  A hound skeleton (D:4)
  3 adders
  A worm (D:3)
  2 dart slugs
  3 orcs (D:3)
  2 bats (D:1)
  5 endoplasms
  3 goblins
  4 hobgoblins
  5 kobolds
  2 quokkas
  8 ball pythons
  4 frilled lizards
  3 rats
50 creatures vanquished.

Vanquished Creatures (collateral kills)
  An adder (D:2)
  2 worms (D:2)
  A kobold (D:2)
4 creatures vanquished.

Grand Total: 54 creatures vanquished

Notes
Turn   | Place    | Note
-------+----------+-------------------------------------------
     0 | Abyss:1  | ezpacito the Demonspawn Abyssal Knight began the quest for
                  | the Orb.
     0 | Abyss:1  | Reached XP level 1. HP: 18/18 MP: 2/2
    35 | Abyss:1  | Noticed a chaos spawn
    37 | Abyss:1  | Found an ornate altar of the Wu Jian Council.
    55 | Abyss:2  | Noticed a neqoxec
    55 | Abyss:2  | Noticed a starcursed mass
    98 | D:1      | Escaped the Abyss
   208 | D:1      | Reached skill level 1 in Dodging
   219 | D:1      | Reached * piety under Lugonu
   482 | D:1      | Gained mutation: A weak demonic guardian rushes to your
                  | aid. [demonic ancestry]
   482 | D:1      | Reached XP level 2. HP: 18/24 MP: 3/3
  1246 | D:2      | Found a faded altar of an unknown god.
  1405 | D:2      | Gained mutation: You have large cloven feet. [demonic
                  | ancestry]
  1405 | D:2      | Reached XP level 3. HP: 6/29 MP: 5/5
  2912 | D:3      | Gained mutation: You have supernaturally acute eyesight.
                  | (SInv) [potion of mutation]
  2979 | D:3      | Gained mutation: You have hoof-like feet. [demonic
                  | ancestry]
  2979 | D:3      | Reached XP level 4. HP: 21/35 MP: 6/6
  2985 | D:3      | Reached ** piety under Lugonu
  2986 | D:3      | Reached skill level 1 in Spellcasting
  3302 | D:3      | Found a runed translucent door.
  3649 | D:3      | Reached skill level 1 in Unarmed Combat
  3649 | D:3      | Reached XP level 5. HP: 36/41 MP: 7/7
  3889 | D:3      | Noticed Sin92's ghost (weakling MiFi)
  3898 | D:3      | Learned a level 5 spell: Metabolic Englaciation
  3916 | D:3      | Killed Sin92's ghost
  3917 | D:3      | Reached skill level 1 in Stealth
  4019 | D:4      | Noticed a phantom
  4020 | D:4      | Noticed an ogre
  4025 | D:4      | Lost mutation: You have supernaturally acute eyesight.
                  | (SInv) [potion of mutation]
  4025 | D:4      | Gained mutation: Your magical capacity is low. (-10% MP)
                  | [potion of mutation]
  4026 | D:4      | Quit the game

Illustrated notes

Levels and vault maps discovered:
D:1:      wander_arrival_estate, layout_rooms
D:2:      layout_basic, basic_ecumenical_altar
D:3:      layout_basic, ebering_ghost_reflecting_pool
D:4:      corexii_shack_village, layout_cave_pools,
          nicolae_ossuary_entry_monument, uniq_eustachio,
          uniq_crazy_yiuf_cottage

Skill      XL: |  1  2  3  4  5 |
---------------+----------------+-----
Dodging        | 1 2 |  2.0
Axes           | 2 3 |  3.1
Armour         | 2 |  2.4
Invocations    | 3 |  3.5
Spellcasting   | 1 |  1.4
Unarmed Combat | 1 |  1.2
Stealth        | 1 |  1.1
Fighting       | |  3.5
Hexes          | |  0.5

Action                   |  1- 3 |  4- 6 || total
-------------------------+-------+-------++-------
Melee: Hand axe          |    96 |    49 ||   145
       Kick              |    13 |    16 ||    29
Invok: Depart the Abyss  |     1 |       ||     1
  Use: Scroll            |     8 |     1 ||     9
       Potion            |     3 |     4 ||     7
 Stab: Sleeping          |     2 |       ||     2
Armor: Leather armour    |    22 |     8 ||    30
Dodge: Dodged            |    45 |    26 ||    71

Table legend: (Time is in decaauts)
 A = Elapsed time spent in this place.
 B = Non-inter-level travel time spent in this place.
 C = Inter-level travel time spent in this place.
 D = Time resting spent in this place.
 E = Time spent auto-exploring this place.
 F = Levels seen in this place.
 G = Mean time per level.
                   A        B        C        D        E       F      G
               +--------+--------+--------+--------+--------+-----+--------+
         Total |   3996 |   3943 |     53 |    946 |   2543 |   6 |  666.0 |
       Dungeon |   3899 |   3846 |     53 |    946 |   2500 |   4 |  974.8 |
         Abyss |     97 |     97 |      0 |      0 |     43 |   2 |   48.5 |
               +--------+--------+--------+--------+--------+-----+--------+

Top non-repeatable levels by time:
     D:2: 1544 daAuts
     D:3: 1259 daAuts
     D:1: 1008 daAuts
     D:4: 86 daAuts
 Abyss:2: 54 daAuts
 Abyss:1: 42 daAuts
